 Dungeon Crawl Stone Soup version 0.30.0-29-ga12c61a403 (webtiles) character file.

Game seed: 14660152668846699909

95 qw the Chopper (level 4, -1/28 HPs)
             Began as a Gargoyle Fighter on June 3, 2023.
             Slain by a gnoll
             ... wielding a +0 halberd
              (6 damage)
             ... on level 3 of the Dungeon.
             The game lasted 00:00:50 (1200 turns).

qw the Chopper (Gargoyle Fighter)                   Turns: 1200, Time: 00:00:51

Health: -1/28      AC: 10    Str: 21    XL:     4   Next: 66%
Magic:  4/4        EV: 10    Int:  9    God:
Gold:   119        SH:  5    Dex: 15    Spells: 3/3 levels left

rFire   . . .        Y - +0 war axe
rCold   . . .        c - +0 buckler
rNeg    + . .        b - +0 scale mail
rPois   inf          (no helmet)
rElec   +            (no cloak)
rCorr   .            (no gloves)
SInv    .            (no boots)
Will    .....        (no amulet) Stlth
                     f - +6 ring of dexterity
HPRegen 0.24/turn    (no ring)
MPRegen 0.09/turn

%: no passive effects
@: no status effects
A: sickness immunity, AC +3, negative energy resistance 1, electricity
resistance, torment resistance 1, petrification resistance
a: no special abilities


You were on level 3 of the Dungeon.
You visited 1 branch of the dungeon, and saw 3 of its levels.

You collected 119 gold pieces.


Innate Abilities, Weirdness & Mutations

You are immune to sickness and miasma.
Your stone body is resilient. (AC +3)
You are immune to poison.
You resist negative energy. (rN+)
You are resistant to electric shocks. (rElec)
You are resistant to unholy torment.
You are immune to petrification.


   Skills:
 - Level 3.2 Fighting
 + Level 3.9 Axes
 - Level 3.2 Armour
 - Level 1.3 Dodging
 - Level 3.2 Shields


You had 3 spell levels left.
You didn't know any spells.
Your spell library was empty.

Inventory:

Hand Weapons
 g - a +0 flail
 Y - a +0 war axe (weapon)
Armour
 b - a +0 scale mail (worn)
 c - a +0 buckler (worn)
 n - a +0 cloak
Jewellery
 f - a +6 ring of dexterity (left hand)
Scrolls
 a - a scroll of identify
 m - 2 scrolls of enchant armour
Potions
 d - a potion of might
 e - 2 potions of mutation
 h - a potion of invisibility {unknown}
 i - a potion of cancellation {unknown}
 j - a potion of curing {unknown}
 k - a potion of lignification {unknown}
 l - a potion of heal wounds {unknown}

Dungeon Overview and Level Annotations

Branches:
Dungeon (3/15)

Altars:


Message History

Enter note: A gnoll comes into view. It is wielding a +0 whip.
A gnoll comes into view. It is wielding a +0 club.
The gnoll shouts! x2
A gnoll comes into view. It is wielding a +0 halberd.
There is a stone staircase leading down here.
Enter note: You closely miss the gnoll.
The gnoll hits you with a +0 whip.
You barely miss the gnoll. The gnoll closely misses you.
You block the gnoll's attack. x2
You slash the gnoll!
The gnoll is heavily wounded.
You hit the gnoll. The gnoll barely misses you. You block the gnoll's attack.
You hit the gnoll.
The gnoll is severely wounded.
You hit the gnoll. You barely miss the gnoll.
You block the gnoll's attack. x2; The gnoll barely misses you.
The gnoll completely misses you.
You slash the gnoll!
You kill the gnoll!
You barely miss the gnoll. You hit the gnoll. The gnoll closely misses you. x2
The gnoll hits you from afar with a +0 halberd!
You closely miss the gnoll.
The gnoll is moderately wounded.
You completely miss the gnoll. The gnoll misses you.
The gnoll hits you but does no damage. The gnoll closely misses you.
The gnoll hits you but does no damage.
The gnoll hits you from afar with a +0 halberd!
The gnoll hits you with a +0 club.
You slash the gnoll!
You kill the gnoll!
You hit the gnoll. The gnoll closely misses you. You block the gnoll's attack.
You slash the gnoll!
You kill the gnoll!
The gnoll hits you from afar with a +0 halberd.
You die...

##### ....^ ####
...?.. ... ......
# ##.#####......
.. #.............
...#.....))......
..........@.g.....
...#.....).......
........#.#......
.#.##.#.#.#......
# #.##.#.#.# #####
#.#....#.#.#
#.#...##.#.#
#........#.#
#########...####


You could see a gnoll.

Vanquished Creatures
  A hound (D:3)
  3 gnolls (D:3)
  A worm (D:1)
  2 dart slugs
  6 bats
  6 endoplasms
  4 goblins
  A hobgoblin (D:1)
  2 quokkas (D:2)
  6 ball pythons (D:1)
  4 frilled lizards
  3 kobolds (D:2)
  5 rats
44 creatures vanquished.

Notes
Turn   | Place    | Note
-------+----------+-------------------------------------------
     0 | D:1      | qw the Gargoyle Fighter began the quest for the Orb.
     0 | D:1      | Reached XP level 1. HP: 14/14 MP: 1/1
     0 | D:1      | 0 ||| qw: Version: 0.2-a-103-g5a998e5
     0 | D:1      | 0 ||| qw: Game counter: 996
     0 | D:1      | 0 ||| qw: Always use a shield: true
     0 | D:1      | 0 ||| qw: God list: Okawaru
     0 | D:1      | 0 ||| qw: Allow faded altars: false
     0 | D:1      | 0 ||| qw: Do Orc after D:15 true
     0 | D:1      | 0 ||| qw: Do second Lair branch before Depths: true
     0 | D:1      | 0 ||| qw: Lair rune preference: random
     0 | D:1      | 0 ||| qw: Plans: Normal, Zot:1-4, Slime:5, God:TSO, Crypt,
                  | Tomb, Pan, Hells, Abyss, Win
     0 | D:1      | 0 ||| PLANNING D:1-11
    67 | D:1      | 67 ||| DROPPING +0 club.
    76 | D:1      | Reached XP level 2. HP: 19/19 MP: 2/2
   433 | D:1      | Reached skill level 3 in Axes
   487 | D:1      | Reached XP level 3. HP: 23/23 MP: 3/3
   511 | D:1      | 511 ||| READING scroll labelled CEWURGH KUNN.
   512 | D:1      | 512 ||| READING scroll labelled HAPNIJYICU.
   513 | D:1      | 513 ||| READING scroll labelled CICWICAOMU.
   514 | D:1      | 514 ||| READING 2 scrolls labelled JUPPIA ALLIORCH.
   515 | D:1      | 515 ||| READING scroll labelled NIBYSA BIDYWN.
   530 | D:2      | 530 ||| STAIRDANCE
   629 | D:2      | 629 ||| Stepping ~*~*~tactically~*~*~ (stealth).
   781 | D:2      | 781 ||| Stepping ~*~*~tactically~*~*~ (hiding).
   782 | D:2      | 782 ||| Stepping ~*~*~tactically~*~*~ (hiding).
   969 | D:2      | 969 ||| UPGRADING to +6 ring of dexterity.
   970 | D:2      | 970 ||| READING 2 scrolls of identify.
   970 | D:2      | 970 ||| IDENTIFYING ruby potion
  1049 | D:3      | Reached skill level 1 in Dodging
  1049 | D:3      | Reached XP level 4. HP: 9/28 MP: 4/4
  1198 | D:3      | HP: 4/28 [gnoll/+0 club (4)]
  1200 | D:3      | Slain by a gnoll

Levels and vault maps discovered:
D:1:      ncdulo_wetmaze, layout_rooms
D:2:      layout_rooms, serial_rivers, chequers_serial_rivers_marsh,
          chequers_serial_rivers_micro_b, chequers_serial_rivers_small_a,
          chequers_serial_rivers_room_b, chequers_serial_rivers_micro_d
D:3:      layout_basic, grunt_temple_overflow_lords_of_destruction,
          minmay_pentomino_pile

Skill      XL: |  1  2  3 |
---------------+----------+-----
Axes           | 2 3 |  3.9
Dodging        | 1 |  1.3
Fighting       | |  3.2
Armour         | |  3.2
Shields        | |  3.2

Action                     |  1- 3 |  4- 6 || total
---------------------------+-------+-------++-------
  Melee: War axe           |   107 |    14 ||   121
    Use: Scroll            |     6 |       ||     6
 Armour: Scale mail        |    43 |     5 ||    48
  Dodge: Dodged            |    43 |    16 ||    59
  Block: Buckler           |    16 |     6 ||    22

Table legend:
 A = Non-vault XP
 B = Vault XP
 C = Vault XP percentage of total XP
 D = Non-vault monster count
 E = Vault monster count
 F = Vault count percentage of total count
                 A         B        C        D         E       F
            +---------+---------+-------+---------+---------+-------
      Total |     152 |       0 |   0.0 |      44 |       0 |   0.0
            +---------+---------+-------+---------+---------+-------
        D:1 |      44 |       0 |   0.0 |      25 |       0 |   0.0
        D:2 |      23 |       0 |   0.0 |      13 |       0 |   0.0
        D:3 |      85 |       0 |   0.0 |       6 |       0 |   0.0
            +---------+---------+-------+---------+---------+-------
